AoeStats
← Coniopolis

Arena

510217933Analyzed
1v1 RM · 1d ago on Sep 30, 2026· 43m 44s· 2 players
Game mode
Random Map
Map size
Tiny (2 player)
Population
200
Speed
Normal
Resources
Standard
Victory
Conquest
Starting age
Dark Age
Ending age
Imperial Age
RankedLock teamsTeams togetherTeam positionsShared explorationLock speedFull tech treeHidden civsTurbo modeCheats
Victory
Defeat
🇺🇸 Vietnamese · United States
1089
+17
🇦🇷 Japanese · Argentina
1116
-17
samjee
11:31 Feudal Age
13:12 Double-Bit Axe
13:10 Horse Collar
16:10 Castle Age
14:35 Gold Mining
17:26 Bow Saw
17:18 Heavy Plow
21:39 Wheelbarrow
26:18 Stone Mining
27:39 Padded Archer Armor
27:30 Fletching
31:10 Imperial Age
29:31 Bodkin Arrow
29:52 Leather Archer Armor
30:56 Ballistics
30:55 Thumb Ring
35:52 Heavy Cavalry Archer
37:04 Bloodlines
36:55 Husbandry
39:27 Chemistry
38:52 Light Cavalry
40:41 Bracer
41:11 Ring Archer Armor
Coniopolis
7:41 Loom
10:13 Feudal Age
11:21 Double-Bit Axe
15:29 Castle Age
13:44 Horse Collar
15:54 Wheelbarrow
16:21 Bow Saw
18:26 Stone Mining
21:59 Gold Mining
23:18 Heavy Plow
24:48 Squires
24:34 Arson
24:35 Gambesons
27:17 Hand Cart
27:40 Gold Shaft Mining
28:22 Fletching
28:34 Scale Mail Armor
28:22 Elite Skirmisher
29:35 Thumb Ring
31:12 Bodkin Arrow
31:18 Padded Archer Armor
33:30 Forging
33:36 Chain Mail Armor
35:02 Pikeman
39:48 Imperial Age
38:19 Ballistics
37:57 Murder Holes
Connection lost

Rejoining the realm…

Still unreachable

The connection could not be restored.

Session expired

The server has moved on; the page needs a fresh start.